[ AOE2 MATCH · #506127519 ]
UnrankedIncas vs Italians
Player's team · LOSS
Rival team · WIN
[ REPLAY ANALYSIS · EXTRACTED FROM THE RECORDED GAME ]
Feudal
—
Castle
—
Imperial
—
| APM avg | 44.4 |
| APM peak | 95 |
| eAPM avg | 9.8 |
| Villagers / military | 25 / 0 |
Focus
⚔️ 18.5% · 🌾 81.5%
Feudal
—
Castle
—
Imperial
—
| APM avg | 25.6 |
| APM peak | 55 |
| eAPM avg | 12.5 |
| Villagers / military | 16 / 0 |
Focus
⚔️ 23.7% · 🌾 76.3%
Fishing Ship ×6
Match map
Initial resources + every placement click. Lines = walls · curves = elevation contours. ◆ gold · ⬟ stone · ● berries · ✦ relic · ◌ wall gap
Your base
wdnm's base
Smoothed initial terrain · ◌ = detected wall gap · hover for details
Inputs per minute
— Hemingway - - wdnm
Build order — Hemingway
30 actions detected in the replay
| 0:26 | Build | Town Center |
| 1:40 | Build | House |
| 2:47 | Queue | Villager (Male) |
| 2:47 | Queue | Villager (Male) |
| 2:47 | Queue | Villager (Male) |
| 3:02 | Queue | Villager (Male) |
| 3:02 | Queue | Villager (Male) |
| 3:34 | Queue | Villager (Male) |
| 3:34 | Queue | Villager (Male) |
| 4:04 | Build | Settlement |
| 4:16 | Queue | Villager (Male) |
| 4:17 | Queue | Villager (Male) |
| 4:53 | Queue | Villager (Male) |
| 4:53 | Queue | Villager (Male) |
| 5:12 | Queue | Villager (Male) |
| 5:12 | Queue | Villager (Male) |
| 6:09 | Queue | Villager (Male) |
| 6:09 | Queue | Villager (Male) |
| 6:10 | Queue | Villager (Male) |
| 6:54 | Queue | Villager (Male) |
| 6:57 | Queue | Villager (Male) |
| 6:57 | Queue | Villager (Male) |
| 6:57 | Queue | Villager (Male) |
| 7:22 | Queue | Villager (Male) |
| 8:40 | Queue | Villager (Male) |
| 8:41 | Queue | Villager (Male) |
| 9:09 | Queue | Villager (Male) |
| 9:57 | Queue | Villager (Male) |
| 9:58 | Research | Feudal Age |
| 9:58 | Research | Feudal Age |
Build order — wdnm
32 actions detected in the replay
| 0:33 | Build | Town Center |
| 0:55 | Build | Dock |
| 1:45 | Build | House |
| 2:41 | Queue | Villager (Male) |
| 2:41 | Queue | Villager (Male) |
| 2:42 | Queue | Villager (Male) |
| 2:42 | Queue | Villager (Male) |
| 2:42 | Queue | Villager (Male) |
| 3:44 | Queue | Fishing Ship |
| 4:16 | Queue | Villager (Male) |
| 4:26 | Build | House |
| 4:40 | Queue | Fishing Ship |
| 4:45 | Research | Loom |
| 5:11 | Queue | Villager (Male) |
| 5:22 | Queue | Fishing Ship |
| 5:44 | Queue | Villager (Male) |
| 6:04 | Queue | Fishing Ship |
| 6:14 | Queue | Villager (Male) |
| 6:36 | Build | House |
| 6:38 | Queue | Villager (Male) |
| 7:12 | Queue | Villager (Male) |
| 7:28 | Queue | Fishing Ship |
| 7:43 | Build | House |
| 7:54 | Queue | Villager (Male) |
| 8:12 | Queue | Villager (Male) |
| 8:21 | Queue | Fishing Ship |
| 8:39 | Queue | Villager (Male) |
| 9:03 | Queue | Villager (Male) |
| 9:11 | Build | Lumber Camp |
| 9:34 | Queue | Villager (Male) |
| 9:54 | Research | Feudal Age |
| 10:08 | Build | Mining Camp |
Match timeline
| 0:55 | wdnm · first_building Dock |
| 10:10 | Hemingway · resign |
[ AI ANALYSIS · 1 CREDIT ]
What really happened in this match?
Wolo.gg analyzes every decision: build order, eco, micro, common mistakes by bracket. Personalized analysis on WhatsApp or Discord in 30 seconds.
Civ guide
Incas
Perfil
Jugador #19335431